cohdb
Replays
Latest Replays
All Replays
Popular Replays
Top Player Replays
Match Explorer
How It Works
Community
CoH3 Stats
Reddit
Sign in to upload your games and track your stats! →
Sign in with Steam
Match 41443199
Unlisted
Match 41443199
Overview
Messages
Build Orders
End
Royal Engineer Section
Construct Section Command Post
Selects Heavy Armor Battlegroup
Infantry Section
Dingo Light Scout Car
Infantry Section
Infantry Section
Selects Light Vehicle Withdraw and Refit
Construct Platoon Command Post
Light Vehicle Withdraw and Refit
Humber Armored Car
Construct Field Infirmary
Infantry Training
T.R. sidewinder
Spaghetti
0
0
Comments
sign in to comment!
No comments posted yet!